 Dungeon Crawl Stone Soup version 0.20.1-1-g8b1a95d (webtiles) character file.

17496 koorschki the Cleaver (level 12, -14/91 HPs)
             Began as a Demonspawn Gladiator on July 7, 2017.
             Was an Elder of Qazlal.
             Demolished by Rupert
             ... wielding a +0 executioner's axe of draining
              (18 damage)
             ... on level 12 of the Dungeon.
             The game lasted 00:28:54 (11846 turns).

koorschki the Cleaver (Demonspawn Gladiator)       Turns: 11846, Time: 00:28:54

Health: -14/91     AC: 14    Str: 22    XL:     12   Next: 19%
Magic:  15/15      EV: 13    Int: 12    God:    Qazlal [****..]
Gold:   377        SH: 10    Dex: 16    Spells: 11/11 levels left

rFire    . . .     SeeInvis .   J - +2 war axe (elec)
rCold    . . .     Gourm    .   W - +0 buckler
rNeg     . . .     Faith    .   t - +0 ring mail
rPois    .         Spirit   .   E - +1 helmet
rElec    .         Reflect  .   I - +1 cloak
rCorr    +         Harm     .   (no gloves)
MR       ++...                  (no boots)
Stlth    +.........             (no amulet)
Regen    0.3/turn               N - +3 ring of strength
MPRegen  0.2/turn               O - ring of the Mage {Wiz MR++ Int+3}

@: heavily drained, repel missiles
A: talons 1, yellow scales 3, foul stench 1, powered by death 1, rot immunity
a: Upheaval, Elemental Force, Renounce Religion


You were on level 12 of the Dungeon.
You worshipped Qazlal.
Qazlal was greatly pleased with you.
You were not hungry.

You visited 3 branches of the dungeon, and saw 15 of its levels.

You collected 928 gold pieces.
You spent 551 gold pieces at shops.

Inventory:

Hand Weapons
 a - a +1 war axe
 r - a +0 blowgun
 z - a +1 shortbow of freezing
 J - a +2 war axe of electrocution (weapon)
 P - a +0 broad axe
 Y - a +0 battleaxe
Missiles
 d - 3 throwing nets (quivered)
 g - 6 javelins
 s - 229 stones
 v - 70 poisoned needles
 L - 14 tomahawks
 Q - 105 arrows
Armour
 h - a +0 shield
 n - a cursed +0 plate armour
 t - a +0 ring mail (worn)
 y - a scarf of cloud immunity
 E - a +1 helmet (worn)
 I - a +1 cloak (worn)
 W - a +0 buckler (worn)
Jewellery
 u - an uncursed ring of protection from fire
 B - an uncursed ring of wizardry
 N - a +3 ring of strength (left hand)
 O - the ring of the Mage (right hand) {Wiz MR++ Int+3}
   (You found it on level 8 of the Dungeon)

   [ring of wizardry]

   It improves your spell success rate.
   It affects your intelligence (+3).
   It affects your resistance to hostile enchantments.
 S - an uncursed ring of wizardry
 T - an uncursed ring of stealth {unknown}
Wands
 m - a wand of enslavement (6/24)
 p - a wand of digging (11/24)
 K - a wand of iceblast (2/15)
 R - a wand of clouds (1/9)
 U - a wand of polymorph (11/24)
Scrolls
 e - 2 scrolls of recharging
 i - 8 scrolls of teleportation
 x - a scroll of fog
 F - 11 scrolls of remove curse
Potions
 j - 2 potions of flight
 l - 3 potions of cancellation
 A - 2 potions of magic
 C - 2 potions of lignification
 D - a potion of heal wounds {unknown}
 G - a potion of brilliance {unknown}
 M - a potion of mutation
 V - a potion of resistance {unknown}
 X - a potion of ambrosia
Books
 b - the Handbook of Aerial Venom
   (You found it on level 5 of the Dungeon)

   Spells                             Type                      Level
   a - Static Discharge               Conjuration/Air              3
   b - Mephitic Cloud                 Conjuration/Poison/Air       3
   c - Silence                        Hexes/Air                    5
   d - Tornado                        Air                          9
 H - a book of Flames

   Spells                             Type                      Level
   a - Flame Tongue                   Conjuration/Fire             1
   b - Throw Flame                    Conjuration/Fire             2
   c - Conjure Flame                  Conjuration/Fire             3
   d - Inner Flame                    Hexes/Fire                   3
   e - Sticky Flame                   Conjuration/Fire             4
   f - Fireball                       Conjuration/Fire             5
Miscellaneous
 c - a sack of spiders
Comestibles
 f - 6 bread rations
 k - 13 meat rations
 o - 10 fruits
 q - 14 royal jellies
 w - 4 chunks of flesh


   Skills:
 + Level 7.2(5.8) Fighting
 * Level 14.4(12.6) Axes
 - Level 1.7(0.5) Throwing
 + Level 6.1(4.6) Armour
 - Level 5.1(3.8) Dodging
 * Level 3.0(1.7) Shields
 * Level 4.2(2.9) Invocations
 * Level 2.4(1.2) Evocations


You had 11 spell levels left.
You didn't know any spells.

Dungeon Overview and Level Annotations

Branches:
Dungeon (12/15)            Temple (1/1) D:7            Lair (0/6) D:8
    Orc (2/2) D:9
    Elf: Orc:2

Altars:
Ashenzari
Cheibriados
Dithmenos
Elyvilon
Fedhas
Gozag
Hepliaklqana
Kikubaaqudgha
Makhleb
Nemelex Xobeh
Okawaru
Qazlal
Ru
Sif Muna
Trog
Uskayaw
Vehumet
Xom
Yredelemnul
Zin
The Shining One

Shops:
D:4 *   D:5 (   Orc:1 }

Annotations:
D:4 2 transporters
D:12 Rupert
Orc:2 Maurice


Innate Abilities, Weirdness & Mutations

You have sharp toenails.
You are completely covered in yellow scales. (AC +4, rCorr)
You may emit foul miasma when damaged in melee.
You regenerate a little health from kills.
You are immune to rotting.


Message History

Press: ? - help, Dir - move target cursor, f - Rupert
Aim: Rupert, wielding an executioner's axe of draining and wearing a leather armour (heavily wounded, berserk, fast, unusually strong, poisoned, sick) That beam is likely to hit you.
Continue anyway?
Okay, then.
You hit Rupert. You claw Rupert.
Rupert is heavily wounded.
Rupert hits you with an executioner's axe of draining.
* * * LOW HITPOINT WARNING * * *
You feel drained.
* * * LOW HITPOINT WARNING * * *
You emit a cloud of foul miasma!
You slash Rupert! You claw Rupert!
Rupert is heavily wounded.
Rupert is engulfed in dark miasma.
Rupert looks even sicker.
You block Rupert's attack.
You barely miss Rupert. Your kick misses Rupert.
Rupert is heavily wounded.
Rupert is engulfed in dark miasma.
Rupert looks even sicker.
Rupert hits you with an executioner's axe of draining!!
You die...

###.# #.#
....###################.#
.......)................#
>.......................#
#######.)...............#
#.)...............#
#)......§§..§.....#
#.......§.§@......#
...........@.§.....#
...........>)§......#
###################.# .#
.#


You could see Rupert (berserk).

Vanquished Creatures
  A death knight (D:11)
  2 two-headed ogres (D:11)
  5 skeletal warriors (D:11)
  An unseen horror (D:11)
  A phantasmal warrior (D:11)
  A deep elf mage (D:11)
  An ugly thing (D:11)
  2 centaur skeletons (D:11)
  2 komodo dragons
  The ghost of gorpus the Conjurer, a novice OpCj of Sif Muna (D:6)
  A queen bee (D:11)
  3 trolls
  A hippogriff (D:9)
  3 wraiths (D:11)
  A shadow (D:12)
  A yak (D:10)
  Sigmund (D:3)
  2 basilisks
  2 wyverns
  2 hungry ghosts
  Menkaure (D:4)
  A warg (Orc:1)
  A soldier ant (D:11)
  3 ice beasts
  13 orc warriors
  An eye of draining (D:9)
  A black bear (D:6)
  A necrophage (D:10)
  3 sky beasts (D:7)
  2 phantoms
  7 centaurs
  A big kobold (D:11)
  4 bullfrogs
  4 scorpions
  19 killer bees
  2 electric eels (D:9)
  7 howler monkeys (D:11)
  8 crimson imps
  A quasit (D:9)
  2 bullfrog zombies
  5 orc priests
  8 hounds
  6 jellies
  4 bullfrog skeletons
  5 iguanas
  Natasha (thrice) (D:3)
  15 orc wizards
  4 worker ants
  A hound zombie (D:7)
  2 hound skeletons
  4 gnolls (D:5)
  A howler monkey skeleton (D:8)
  16 adders
  11 oozes
  An adder zombie (D:5)
  3 worms
  A dart slug (D:1)
  8 leopard geckos
  65 orcs
  5 bats
  5 giant cockroaches
  9 goblins
  9 hobgoblins
  13 jackals
  5 quokkas
  2 ball pythons (D:1)
  6 frilled lizards
  A jackal skeleton (D:4)
  15 kobolds
  11 rats
360 creatures vanquished.

Vanquished Creatures (others)
  3 orcs (D:9)
  11 toadstools (D:3)
14 creatures vanquished.

Grand Total: 374 creatures vanquished

Notes
Turn   | Place    | Note
-------+----------+-------------------------------------------
     0 | D:1      | koorschki the Demonspawn Gladiator began the quest for the Orb.
     0 | D:1      | Reached XP level 1. HP: 16/16 MP: 1/1
    99 | D:1      | Reached skill level 3 in Axes
   107 | D:1      | Gained mutation: You are partially covered in yellow scales. (AC +2) [demonic ancestry]
   107 | D:1      | Reached XP level 2. HP: 9/22 MP: 2/2
   479 | D:1      | Gained mutation: You regenerate a little health from kills. [demonic ancestry]
   479 | D:1      | Reached XP level 3. HP: 20/27 MP: 3/3
   852 | D:2      | Found a deep blue altar of Sif Muna.
  1229 | D:2      | Reached XP level 4. HP: 31/33 MP: 4/4
  1231 | D:2      | Reached skill level 4 in Axes
  1573 | D:3      | Reached skill level 1 in Armour
  1581 | D:3      | Gained mutation: You have sharp toenails. [demonic ancestry]
  1581 | D:3      | Reached XP level 5. HP: 30/38 MP: 5/5
  1748 | D:3      | Found a faded altar of an unknown god.
  1753 | D:3      | Reached skill level 5 in Axes
  1799 | D:3      | Noticed Natasha
  1813 | D:3      | Killed Natasha
  1955 | D:3      | Noticed Sigmund
  1961 | D:3      | Killed Sigmund
  1961 | D:3      | Gained mutation: You are immune to rotting. [demonic ancestry]
  1961 | D:3      | Reached XP level 6. HP: 31/46 MP: 6/6
  2004 | D:3      | Noticed Natasha
  2008 | D:3      | Killed Natasha
  2032 | D:3      | Noticed Natasha
  2038 | D:3      | Killed Natasha
  2327 | D:3      | Reached skill level 6 in Axes
  2555 | D:3      | Reached XP level 7. HP: 49/52 MP: 7/7
  2713 | D:4      | Found a transporter.
  2817 | D:4      | Reached skill level 7 in Axes
  2822 | D:4      | Found Agrolipt's Assorted Antiques.
  2955 | D:4      | Bought a fuming golden potion for 18 gold pieces
  2955 | D:4      | Bought a scroll labeled QIELAIRGHOU for 21 gold pieces
  2955 | D:4      | Bought a white potion for 18 gold pieces
  2955 | D:4      | Bought a cyan potion for 18 gold pieces
  2981 | D:4      | Found a transporter.
  3368 | D:4      | Noticed Menkaure
  3375 | D:4      | Killed Menkaure
  3471 | D:4      | Found a radiant altar of Vehumet.
  3552 | D:5      | Entered Level 5 of the Dungeon
  3564 | D:5      | Found a hide-covered altar of Uskayaw.
  3567 | D:5      | Noticed a dagger
  3568 | D:5      | Noticed a dagger
  3591 | D:5      | Reached XP level 8. HP: 42/58 MP: 8/8
  3779 | D:5      | Reached skill level 8 in Axes
  3852 | D:5      | Found Ydoemuec's Weapon Emporium.
  3917 | D:5      | Identified the Handbook of Aerial Venom
  4052 | D:4      | Bought a runed war axe for 136 gold pieces
  4087 | D:6      | Found a shadowy altar of Dithmenos.
  4286 | D:6      | Found a sparkling altar of Nemelex Xobeh.
  4518 | D:6      | Reached skill level 9 in Axes
  4597 | D:6      | Noticed gorpus's ghost (novice OpCj)
  4612 | D:6      | Killed gorpus's ghost
  4612 | D:6      | Gained mutation: You are mostly covered in yellow scales. (AC +3) [demonic ancestry]
  4612 | D:6      | Reached XP level 9. HP: 60/65 MP: 9/9
  4939 | D:7      | Found a staircase to the Ecumenical Temple.
  4948 | Temple   | Entered the Ecumenical Temple
  5081 | Temple   | Became a worshipper of Qazlal Stormbringer
  5328 | D:7      | Reached skill level 10 in Axes
  5439 | D:7      | Reached * piety under Qazlal
  5466 | D:7      | Found a blossoming altar of Fedhas.
  6075 | D:8      | Found a staircase to the Lair.
  6312 | D:8      | You fall through a shaft for 3 floors!
  6312 | D:11     | Noticed a skeletal warrior
  6312 | D:11     | Noticed a skeletal warrior
  6316 | D:11     | Reached skill level 11 in Axes
  6318 | D:11     | Found a burning altar of Makhleb.
  6319 | D:11     | Noticed a two-headed ogre
  6331 | D:11     | Noticed a two-headed ogre
  6339 | D:11     | Killed a two-headed ogre
  6339 | D:11     | Reached skill level 5 in Fighting
  6339 | D:11     | Gained mutation: You are completely covered in yellow scales. (AC +4, rCorr) [demonic ancestry]
  6339 | D:11     | Reached XP level 10. HP: 18/74 MP: 10/10
  6347 | D:11     | Killed a two-headed ogre
  6384 | D:11     | Killed an unseen horror
  6396 | D:11     | Reached skill level 12 in Axes
  6419 | D:11     | Reached ** piety under Qazlal
  6552 | D:11     | Noticed a deep elf mage
  6558 | D:11     | Killed a deep elf mage
  6585 | D:11     | Reached skill level 5 in Armour
  6984 | D:11     | Reached XP level 11. HP: 75/81 MP: 8/11
  6988 | D:11     | Reached skill level 13 in Axes
  7034 | D:11     | Noticed a death knight
  7407 | D:11     | Noticed a phantasmal warrior
  7412 | D:11     | Killed a phantasmal warrior
  7412 | D:11     | Reached skill level 5 in Dodging
  7431 | D:11     | Noticed a skeletal warrior
  7448 | D:10     | Entered Level 10 of the Dungeon
  8630 | D:9      | Reached *** piety under Qazlal
  8983 | D:9      | HP: 1/83 [electric eel/bolt of electricity (11)]
  9660 | D:9      | Reached skill level 1 in Shields
  9661 | D:9      | Found a staircase to the Orcish Mines.
  9671 | Orc:1    | Entered Level 1 of the Orcish Mines
  9863 | Orc:1    | Found Astreuraq's Gadget Emporium.
  9936 | Orc:1    | Bought a sack of spiders for 340 gold pieces
 10080 | Orc:2    | Entered Level 2 of the Orcish Mines
 10080 | Orc:2    | Noticed Maurice
 10080 | Orc:2    | Noticed an orc high priest
 10089 | Orc:1    | Reached skill level 1 in Invocations
 10321 | D:11     | Noticed a skeletal warrior
 10326 | D:11     | Noticed a skeletal warrior
 10802 | D:11     | Killed a death knight
 10802 | D:11     | Reached skill level 14 in Axes
 10817 | D:11     | Killed a skeletal warrior
 10817 | D:11     | Reached skill level 1 in Evocations
 10891 | D:11     | Reached **** piety under Qazlal
 11168 | D:11     | Noticed a purple ugly thing
 11173 | D:11     | Killed a purple ugly thing
 11286 | D:11     | Killed a skeletal warrior
 11292 | D:11     | Killed a skeletal warrior
 11292 | D:11     | Gained mutation: You may emit foul miasma when damaged in melee. [demonic ancestry]
 11292 | D:11     | Reached XP level 12. HP: 43/91 MP: 14/14
 11820 | D:12     | Noticed Rupert
 11844 | D:12     | HP: 3/91 [Rupert/executioner's axe of draining (2)]
 11846 | D:12     | Demolished by Rupert

Skill      XL: |  1  2  3  4  5  6  7  8  9 10 11 12 |
---------------+-------------------------------------+-----
Axes           | 3 4 5 6 7 9 11 12 14 | 14.4
Dodging        | 3 4 5 |  5.1
Armour         | 1 2 3 4 5 6 |  6.1
Fighting       | 3 4 5 6 7 |  7.2
Shields        | 2 3 |  3.0
Invocations    | 3 4 |  4.2
Evocations     | 1 2 |  2.4
Throwing       | |  1.7

Action                   |  1- 3 |  4- 6 |  7- 9 | 10-12 || total
-------------------------+-------+-------+-------+-------++-------
Melee: War axe           |   101 |   155 |   331 |   516 ||  1103
       Kick              |       |    20 |    80 |   153 ||   253
Throw: Throwing net      |       |     1 |       |       ||     1
Invok: Upheaval          |       |       |       |     4 ||     4
Evoke: Wand              |       |       |       |     5 ||     5
       Sack of spiders   |       |       |       |     1 ||     1
  Use: Scroll            |       |     7 |    11 |     9 ||    27
       Potion            |       |     1 |     3 |     5 ||     9
 Stab: Sleeping          |       |     1 |       |       ||     1
  Eat: Chunk             |     1 |     5 |    13 |     9 ||    28
       Bread ration      |       |       |     1 |     1 ||     2
       Meat ration       |       |       |       |     1 ||     1
Armor: Leather armour    |    39 |    10 |       |       ||    49
       Ring mail         |       |    53 |   121 |   102 ||   276
       Skin              |       |       |     3 |    21 ||    24
Dodge: Dodged            |   100 |   105 |   204 |   230 ||   639
       Deflected         |       |       |       |     4 ||     4
Block: Other             |       |       |     3 |    22 ||    25
       Buckler           |       |       |       |    71 ||    71
